Map: Ley Lines

Players

Lambo - Winner!

  • Race: Zerg Zerg
  • Spawn Location: 7:00

Fjant

  • Race: Zerg Zerg
  • League: Master
  • Spawn Location: 1:00

Event: HomeStory Cup XXVI

VOD

Have the link to the VOD?

Description

Time

  • Played on: Nov. 29, 2024, 8:57 a.m.
  • Length: 9:15

All games in this series

Show
View Real Time Build Order
Export as new Build Order

Lambo Zerg - Winner!

Build Orders: Hatch First 

Get SALT Encoding   

  12  0:00  Drone  
  13  0:07  Drone  
  13  0:14  Drone, Extractor  
  15  0:21  Overlord  
  15  0:39  Drone  
  16  0:44  Hatchery  
  16  0:48  Drone  
  16  0:51  Drone  
  16  0:55  Drone  
  18  1:05  Extractor  
  18  1:10  Spawning Pool  
  16  1:13  Drone  
  16  1:16  Drone  
  18  1:26  Drone  
  19  1:37  Drone  
  20  1:47  Drone  
  21  1:56  Queen  
  21  1:57  Queen  
  21  1:58  Zergling x2  
  21  1:59  Overlord  
  26  2:05  Metabolic Boost  
  26  2:07  Drone  
  27  2:11  Drone  
  28  2:17  Drone  
  28  2:20  Drone  
  30  2:29  Drone  
  31  2:32  Zergling x2  
  32  2:37  Hatchery  
  32  2:40  Drone  
  32  2:43  Baneling Nest  
  31  2:49  Overlord  
  32  2:51  Drone  
  32  2:56  Drone  
  33  3:00  Queen  
  33  3:04  Drone  
  36  3:10  Zergling x2  
  37  3:13  Drone x3  
  37  3:15  Zergling x2  
  37  3:18  Drone  
  41  3:22  Overlord  
  41  3:23  Drone  
  41  3:25  Drone  
  43  3:27  Baneling  
  43  3:33  Roach Warren  
  42  3:39  Drone  
  42  3:40  Drone x2  
  42  3:41  Drone  
  46  3:43  Drone, Extractor  
  46  3:46  Drone x2  
  48  3:50  Overlord  
  48  3:51  Drone  
  48  3:55  Drone  
  50  3:58  Overlord  
  50  4:01  Overlord  
  50  4:03  Drone  
  50  4:14  Roach x4  
  50  4:16  Roach  
  60  4:21  Evolution Chamber  
  60  4:23  Drone x2, Roach  
  60  4:24  Drone  
  64  4:27  Overlord  
  64  4:34  Drone  
  64  4:36  Drone x2  
  64  4:37  Lair  
  67  4:40  Extractor  
  67  4:41  Drone x3  
  67  4:43  Overlord  
  69  4:46  Drone  
  69  4:49  Zerg Missile Weapons Level 1  
  69  4:51  Drone x2  
  72  4:53  Drone  
  72  4:55  Drone  
  74  5:03  Drone x5  
  74  5:04  Drone  
  80  5:09  Extractor  
  80  5:11  Roach x2  
  80  5:12  Drone  
  80  5:14  Drone x5  
  89  5:16  Extractor  
  89  5:17  Roach  
  90  5:23  Drone x2  
  90  5:25  Drone  
  90  5:27  Pneumatized Carapace  
  91  5:30  Extractor  
  91  5:31  Drone x2  
  91  5:33  Drone x2  
  94  5:36  Glial Reconstitution  
  94  5:39  Overseer  
  94  5:40  Roach  
  94  5:41  Hatchery, Roach  
  97  5:43  Overlord  
  97  5:48  Overlord, Evolution Chamber  
  96  5:53  Overlord  
  96  5:55  Overlord  
  96  5:56  Overlord  
  96  5:58  Roach  
  96  6:02  Roach x3  
  104  6:11  Drone x5  
  104  6:16  Drone x2  
  108  6:18  Roach x3  
  108  6:23  Roach x3  
  108  6:24  Roach  
  120  6:26  Overlord  
  120  6:29  Overlord  
  120  6:31  Roach  
  122  6:34  Overlord  
  122  6:38  Overlord, Zerg Ground Armor Level 1  
  122  6:42  Overlord  
  122  6:46  Overlord  
  122  6:47  Overlord  
  122  6:49  Zerg Missile Weapons Level 2  
  122  6:56  Roach  
  122  6:57  Roach x4  
  122  7:00  Roach x2  
  136  7:02  Drone x2  
  136  7:05  Tunneling Claws, Extractor  
  136  7:06  Burrow  
  136  7:08  Roach  
  139  7:10  Roach  
  141  7:17  Roach x5  
  151  7:25  Roach x5  
  151  7:29  Drone x3  
  164  7:32  Roach x3  
  164  7:36  Roach x2  
  174  7:41  Queen  
  174  7:42  Overlord  
  176  7:45  Roach  
  176  7:46  Roach  
  176  7:50  Roach x4  
  188  7:53  Queen  
  188  7:54  Ravager x3  
  188  7:55  Ravager x2  
  188  7:58  Roach  
  197  8:04  Spine Crawler, Roach  
  197  8:05  Ravager  
  199  8:18  Roach  
  179  8:28  Roach x12  
  179  8:29  Roach x7  
  179  8:30  Roach x3  
  179  8:33  Roach x15  
  184  8:37  Roach x8  
  190  8:42  Roach x3  
  190  8:47  Roach  
  190  8:54  Roach x3  
Show
View Real Time Build Order
Export as new Build Order

Fjant Zerg 

Build Orders: Hatch First 

Get SALT Encoding   

  12  0:00  Drone  
  13  0:13  Overlord  
  13  0:17  Drone  
  14  0:31  Drone x2  
  16  0:47  Hatchery  
  15  0:50  Drone  
  15  0:53  Drone  
  15  0:56  Drone  
  18  1:08  Extractor  
  17  1:11  Spawning Pool  
  17  1:14  Drone  
  17  1:18  Drone  
  18  1:28  Drone  
  19  1:40  Drone  
  20  1:50  Drone  
  21  1:59  Queen x2, Zergling x2  
  21  2:01  Overlord  
  26  2:10  Drone  
  26  2:12  Drone  
  26  2:14  Metabolic Boost  
  28  2:20  Drone  
  29  2:24  Drone  
  30  2:34  Hatchery  
  29  2:38  Drone  
  29  2:40  Drone  
  31  2:46  Baneling Nest  
  31  2:47  Drone  
  31  2:53  Overlord  
  31  2:56  Drone x2  
  33  3:03  Overlord  
  33  3:06  Zergling x2  
  33  3:12  Drone x2, Zergling x2  
  37  3:13  Zergling x4  
  37  3:17  Overlord  
  39  3:20  Zergling x2  
  40  3:29  Drone  
  40  3:30  Roach Warren  
  40  3:32  Drone  
  40  3:35  Drone  
  40  3:40  Queen  
  40  3:41  Drone  
  44  3:43  Drone  
  44  3:47  Drone  
  46  3:51  Drone  
  46  3:53  Evolution Chamber  
  46  3:55  Drone  
  46  3:56  Drone  
  46  4:02  Drone x3  
  51  4:04  Drone, Extractor  
  51  4:06  Overlord  
  51  4:12  Drone x3  
  51  4:14  Overlord  
  54  4:19  Zerg Missile Weapons Level 1  
  54  4:21  Drone x2  
  55  4:26  Extractor  
  55  4:31  Drone x2  
  56  4:33  Overlord  
  56  4:34  Drone x2  
  58  4:39  Roach  
  58  4:40  Roach  
  58  4:42  Roach  
  58  4:45  Roach x2  
  68  4:48  Roach x2  
  68  4:52  Roach x2  
  76  4:54  Drone x2  
  78  5:05  Roach  
  77  5:08  Drone x6  
  77  5:12  Lair  
  83  5:19  Overlord  
  83  5:21  Roach x2  
  89  5:28  Roach x2  
  89  5:33  Overlord  
  89  5:34  Baneling x2  
  89  5:36  Extractor  
  89  5:37  Drone x2, Extractor  
  89  5:38  Drone  
  89  5:39  Drone x3  
  89  5:41  Drone  
  94  5:43  Drone  
  95  5:52  Hatchery, Drone x2  
  96  5:57  Drone  
  96  5:58  Drone  
  96  5:59  Drone x2  
  100  6:04  Overlord  
  100  6:09  Glial Reconstitution  
  99  6:12  Drone x7  
  99  6:14  Zerg Missile Weapons Level 2  
  99  6:15  Overseer, Evolution Chamber  
  99  6:18  Drone  
  106  6:19  Pneumatized Carapace, Extractor  
  106  6:25  Roach x3  
  111  6:32  Overlord  
  111  6:33  Overlord  
  111  6:36  Overlord  
  111  6:41  Overlord x3, Roach  
  111  6:44  Zerg Ground Armor Level 1  
  111  6:45  Overlord  
  113  6:51  Overlord  
  113  6:53  Roach x4  
  121  6:57  Ravager x2  
  121  6:58  Roach  
  121  7:00  Roach x2  
  129  7:02  Roach  
  129  7:04  Roach  
  129  7:05  Roach  
  129  7:07  Roach  
  137  7:11  Roach x3  
  142  7:20  Roach x5  
  149  7:28  Roach x3  
  155  7:31  Overlord  
  155  7:32  Overlord  
  155  7:34  Overlord  
  155  7:36  Overlord  
  155  7:38  Ravager x2  
  155  7:39  Overlord  
  155  7:42  Overlord  
  155  7:43  Overlord  
  155  7:51  Queen  
  153  7:52  Ravager  
  153  7:53  Spore Crawler, Ravager x2  
  153  7:54  Roach x2  
  153  7:56  Roach  
  153  7:58  Roach x2  
  165  8:03  Roach x3  
  171  8:08  Roach x3  
  175  8:15  Roach x3  
  181  8:24  Roach x5  
  165  8:29  Roach x4  
  150  8:34  Roach x2  
  150  8:38  Roach  
  126  8:43  Roach  
  126  8:46  Roach x3  
  126  8:47  Overseer  
  122  8:53  Roach x2  
  112  8:55  Roach  
Tags
 
Add a new tag
Caveats
  • Supply blocks, unpowered buildings, or Contaminate may cause inaccurate times.
  • Supply counts are checked every 10 seconds.